 Dungeon Crawl Stone Soup version 0.30-a0-739-gea05faddec (webtiles) character file.

Game seed: 5842615331166767276

340 kingofthe the Chopper (level 6, -3/53 HPs)
             Began as a Gnoll Chaos Knight on Feb 4, 2023.
             Was a Plaything of Xom.
             Splashed by a jelly's acid (7 damage)
             ... in a sewer.
             The game lasted 00:07:29 (2690 turns).

kingofthe the Chopper (Gnoll Chaos Knight)          Turns: 2690, Time: 00:07:30

Health: -3/53      AC:  6    Str: 15    XL:     6   Next: 56%
Magic:  18/18      EV: 13    Int:  8    God:    Xom [..*...]
Gold:   310        SH:  5    Dex: 21    Spells: 9/9 levels left

rFire   . . .      SeeInvis .    a - +2 dagger (speed)
rCold   . . .      Faith    .    v - +0 buckler
rNeg    . . .      Spirit   .    p - +2 leather armour
rPois   .          Reflect  .    (no helmet)
rElec   .          Harm     .    w - +0 cloak
rCorr   .          Rampage  .    (no gloves)
Will    .....                    (no boots)
Stlth   +                        (no amulet)
HPRegen 0.28/turn                e - ring of magical power
MPRegen 0.16/turn                r - +6 ring of strength

@: very slow
A: fangs 1, strong nose, distributed training, agile 2, dopey 1, MP-powered
wands
a: Renounce Religion


You were in a sewer.
You worshipped Xom.
You were a toy of Xom.
You visited 1 branch of the dungeon, and saw 4 of its levels.
You also visited: Sewer.

You collected 310 gold pieces.

Inventory:

Hand Weapons
 a - a +2 dagger of speed (weapon)
 b - a +3 short sword
 s - a +0 hand axe of chaos
Missiles
 k - 2 throwing nets
Armour
 p - a +2 leather armour (worn)
 q - the +5 robe of Misfortune {Harm *Corrode *Slow EV+5}
   (You found it on level 2 of the Dungeon)

   EV:        It affects your evasion (+5).
   *Corrode:  It may corrode you when you take damage.
   *Slow:     It may slow you when you take damage.
   Harm:      It increases damage dealt and taken.
 v - a +0 buckler (worn)
 w - a +0 cloak (worn)
Jewellery
 e - a ring of magical power (left hand)
 r - a +6 ring of strength (right hand)
 z - an amulet of faith
Wands
 l - a wand of flame (26)
 x - a wand of polymorph (4)
Scrolls
 d - 3 scrolls of noise {unknown}
 f - 3 scrolls of identify {unknown}
 g - 3 scrolls of teleportation
 h - 2 scrolls of enchant weapon
 i - a scroll of poison {unknown}
 o - a scroll of magic mapping {unknown}
 t - 2 scrolls of enchant armour {unknown}
 y - a scroll of silence {unknown}
Potions
 j - 3 potions of attraction
 m - a potion of ambrosia {unknown}
 n - 2 potions of flight {unknown}
 u - a potion of degeneration {unknown}
Miscellaneous
 c - a piece from Xom's chessboard (14/15) (quivered)


   Skills:
 + Level 6.9 Fighting
 + Level 2.1 Short Blades
 + Level 2.1 Long Blades
 + Level 6.9 Axes
 + Level 2.1 Maces & Flails
 + Level 2.1 Polearms
 + Level 2.1 Staves
 + Level 2.1 Ranged Weapons
 + Level 2.1 Throwing
 + Level 5.0 Armour
 + Level 3.3 Dodging
 + Level 2.1 Stealth
 + Level 2.1 Shields
 + Level 2.1 Unarmed Combat
 + Level 2.1 Spellcasting
 + Level 1.6 Conjurations
 + Level 1.6 Hexes
 + Level 1.6 Summonings
 + Level 1.6 Necromancy
 + Level 1.6 Translocations
 + Level 1.6 Transmutations
 + Level 1.6 Fire Magic
 + Level 1.6 Ice Magic
 + Level 1.6 Air Magic
 + Level 1.6 Earth Magic
 + Level 1.6 Poison Magic
 + Level 2.3 Invocations
 + Level 2.1 Evocations


You had 9 spell levels left.
You didn't know any spells.
Your spell library contained the following spells:

 Spells                   Type           Power      Damage    Failure   Level
 Necrotise                Necr           12%        1d4       28%         1
 Vampiric Draining        Necr           3%         2d6       65%         3
 Agony                    Necr           3%         N/A       100%        5


Dungeon Overview and Level Annotations

Branches:
Dungeon (4/15)              Sewer (1/1)
 Temple: D:4-7

Altars:


Innate Abilities, Weirdness & Mutations

You have very sharp teeth.
Your uncanny sense of smell can sniff out nearby items.
Your experience applies equally to all skills.
You are very agile. (Dex +8, Str/Int -2)
You are dopey. (Int -2)
You expend magic power (3 MP) to strengthen your wands.


Message History

You hit the adder but do no damage.
The adder is moderately wounded.
You block the rat's attack. The adder bites you.
You are poisoned.
The adder poisons you!
You barely miss the adder.
The adder is moderately wounded.
You feel sick.
The rat splashes around in the water.
The adder bites you.
You hit the adder but do no damage.
The adder is moderately wounded.
You feel sick.
You hit the adder but do no damage.
The adder is moderately wounded.
The adder closely misses you. The jelly hits you.
You are splashed with acid!
* * * LOW HITPOINT WARNING * * *
The rat splashes around in the water.
You hit the adder but do no damage. Your bite misses the adder.
The adder is moderately wounded.
You are no longer corroded.
You feel sick. The adder barely misses you.
You make a move on Xom's chessboard...
The adder appears confused.
You feel sick. The jelly hits you but does no damage. The rat bites you.
* * * LOW HITPOINT WARNING * * *
You hit the adder. You bite the adder.
The adder is heavily wounded.
The jelly hits you but does no damage. The rat bites you.
* * * LOW HITPOINT WARNING * * *
You enter the shallow water.
Moving in this stuff is going to be slow.
You feel sick. The endoplasm attacks as you move away!
The endoplasm closely misses you.
You feel sick.
You are no longer poisoned.
The adder bites the jelly.
The adder is burned by acid!
The adder dies!
The jelly hits you.
* * * LOW HITPOINT WARNING * * *
You are splashed with acid!
You die...
Xom is highly amused!

####~.## #~~.
~~~#~~.##~.~~
~.....~#~~.# #
#~.~~....# #.
...~.~# ##.. ∆
##~..~#∆ ~~..#
∆##.~.r~##
~.~~~###†..~J..## ∆
#.~~....~##J@†.###
##.....~####.†.~~##
####~.##!.##.~..~#
#.~#~..####~..#
#~~..~# ##..##
##..~## #~..# #####
##.†# ##########
#..# #....~~~.#
#~.#


You could see a jelly, an endoplasm and a rat.

Vanquished Creatures
  An ogre (D:4)
  2 hounds (D:4)
  Ijyb (D:3)
  A gnoll (D:2)
  3 adders
  A river rat (Sewer)
  3 worms (Sewer)
  3 dart slugs
  An orc (D:3)
  12 ball pythons
  5 endoplasms
  7 giant cockroaches
  4 goblins
  10 hobgoblins
  4 jackals
  9 kobolds
  4 quokkas
  10 bats
  11 frilled lizards
  13 rats
105 creatures vanquished.

Vanquished Creatures (others)
  An adder (Sewer)
  A frilled lizard zombie (D:1)
2 creatures vanquished.

Grand Total: 107 creatures vanquished

Notes
Turn   | Place    | Note
-------+----------+-------------------------------------------
     0 | D:1      | kingofthe the Gnoll Chaos Knight began the quest for the
                  | Orb.
     0 | D:1      | Reached XP level 1. HP: 23/23 MP: 1/1
   211 | D:1      | XOM: divination: detect items
   266 | D:1      | Reached XP level 2. HP: 28/29 MP: 2/2
   423 | D:1      | Reached XP level 3. HP: 35/35 MP: 3/3
   526 | D:1      | Reached skill level 1 in Invocations
   568 | D:1      | XOM: god gift: 2 brown potions {god gift}
   753 | D:2      | Reached skill level 1 in Short Blades
   753 | D:2      | Reached skill level 1 in Long Blades
   753 | D:2      | Reached skill level 1 in Maces & Flails
   753 | D:2      | Reached skill level 1 in Polearms
   753 | D:2      | Reached skill level 1 in Staves
   753 | D:2      | Reached skill level 1 in Ranged Weapons
   753 | D:2      | Reached skill level 1 in Throwing
   753 | D:2      | Reached skill level 1 in Stealth
   753 | D:2      | Reached skill level 1 in Shields
   753 | D:2      | Reached skill level 1 in Unarmed Combat
   753 | D:2      | Reached skill level 1 in Spellcasting
   753 | D:2      | Reached skill level 1 in Evocations
   773 | D:2      | Reached XP level 4. HP: 28/41 MP: 5/5
  1016 | D:2      | Reached skill level 1 in Conjurations
  1016 | D:2      | Reached skill level 1 in Hexes
  1016 | D:2      | Reached skill level 1 in Summonings
  1016 | D:2      | Reached skill level 1 in Necromancy
  1016 | D:2      | Reached skill level 1 in Translocations
  1016 | D:2      | Reached skill level 1 in Transmutations
  1016 | D:2      | Reached skill level 1 in Fire Magic
  1016 | D:2      | Reached skill level 1 in Ice Magic
  1016 | D:2      | Reached skill level 1 in Air Magic
  1016 | D:2      | Reached skill level 1 in Earth Magic
  1016 | D:2      | Reached skill level 1 in Poison Magic
  1101 | D:2      | XOM: give mutations
  1101 | D:2      | Gained mutation: You expend magic power (3 MP) to
                  | strengthen your wands. [Xom's grace]
  1101 | D:2      | Gained mutation: You are agile. (Dex +4, Str/Int -1) [Xom's
                  | grace]
  1318 | D:2      | XOM: give mutation
  1318 | D:2      | Gained mutation: You are very agile. (Dex +8, Str/Int -2)
                  | [Xom's grace]
  1348 | D:2      | Found the +5 robe of Misfortune {Harm *Corrode *Slow EV+5}
  1384 | D:2      | XOM: cloud trail
  1475 | D:2      | XOM: cloud trail
  1848 | D:3      | XOM: give mutation
  1848 | D:3      | Gained mutation: You are dopey. (Int -2) [Xom's mischief]
  1982 | D:3      | Noticed Ijyb
  1990 | D:3      | XOM: confuse monster(s)
  1992 | D:3      | XOM: fog
  2020 | D:3      | Killed Ijyb
  2021 | D:3      | Reached XP level 5. HP: 42/47 MP: 7/7
  2306 | D:4      | Noticed an ogre
  2311 | D:4      | Killed an ogre
  2312 | D:4      | Reached skill level 5 in Armour
  2312 | D:4      | Reached XP level 6. HP: 53/53 MP: 9/9
  2400 | D:4      | Found a glowing drain.
  2435 | Sewer    | Entered a sewer
  2503 | Sewer    | XOM: god gift: 42 gold pieces
  2521 | Sewer    | XOM: smoke on damage
  2535 | Sewer    | XOM: 1-stop teleportation journey
  2562 | Sewer    | XOM: enchant monster (bad)
  2690 | Sewer    | Splashed by a jelly's acid

Illustrated notes

Levels and vault maps discovered:
D:1:      nagdon_arrival_zigzag_paths, layout_basic, minmay_lizard_pond
D:2:      layout_loops_cross, minmay_ruptured
D:3:      layout_rooms, uniq_ijyb
D:4:      layout_basic, amcnicky_altar_gilded, cheibrodos_sewer_entry_sluice,
          hangedman_abyss_or_decor_lesser_grid, roderic_roman_lattice,
          kennysheep_nondescript, minmay_misc_feat_ornament
Sewer:    sewer_hellmonk_slimy_pipes

Skill      XL: |  1  2  3  4  5 |
---------------+----------------+-----
Invocations    | 1 2 |  2.3
Short Blades   | 1 2 |  2.1
Long Blades    | 1 2 |  2.1
Maces & Flails | 1 2 |  2.1
Polearms       | 1 2 |  2.1
Staves         | 1 2 |  2.1
Ranged Weapons | 1 2 |  2.1
Throwing       | 1 2 |  2.1
Stealth        | 1 2 |  2.1
Shields        | 1 2 |  2.1
Unarmed Combat | 1 2 |  2.1
Spellcasting   | 1 2 |  2.1
Evocations     | 1 2 |  2.1
Conjurations   | 1 |  1.6
Hexes          | 1 |  1.6
Summonings     | 1 |  1.6
Necromancy     | 1 |  1.6
Translocations | 1 |  1.6
Transmutations | 1 |  1.6
Fire Magic     | 1 |  1.6
Ice Magic      | 1 |  1.6
Air Magic      | 1 |  1.6
Earth Magic    | 1 |  1.6
Poison Magic   | 1 |  1.6
Dodging        | 3 |  3.3
Armour         | 5 |  5.0
Fighting       | |  6.9
Axes           | |  6.9

Action                     |  1- 3 |  4- 6 || total
---------------------------+-------+-------++-------
  Melee: Hand axe          |    95 |    49 ||   144
         Bite              |     4 |    24 ||    28
         Dagger            |       |   202 ||   202
         Punch             |       |     1 ||     1
  Evoke: Piece from Xom's  |       |     1 ||     1
    Use: Potion            |     1 |       ||     1
         Scroll            |       |     2 ||     2
   Stab: Sleeping          |       |    11 ||    11
 Armour: Leather armour    |    27 |    53 ||    80
         Skin              |       |    10 ||    10
  Dodge: Dodged            |    59 |   106 ||   165
  Block: Buckler           |       |    28 ||    28

Table legend: (Time is in decaauts)
 A = Elapsed time spent in this place.
 B = Non-inter-level travel time spent in this place.
 C = Inter-level travel time spent in this place.
 D = Time resting spent in this place.
 E = Time spent auto-exploring this place.
 F = Levels seen in this place.
 G = Mean time per level.
                   A        B        C        D        E       F      G
               +--------+--------+--------+--------+--------+-----+--------+
         Total |   2613 |   2458 |    155 |    103 |   1748 |   5 |  522.6 |
       Dungeon |   2388 |   2233 |    155 |    103 |   1633 |   4 |  597.0 |
         Sewer |    225 |    225 |      0 |      0 |    115 |   1 |  225.0 |
               +--------+--------+--------+--------+--------+-----+--------+

Top non-repeatable levels by time:
     D:2: 854 daAuts
     D:1: 710 daAuts
     D:3: 655 daAuts
   Sewer: 225 daAuts
     D:4: 167 daAuts
